 Dungeon Crawl Stone Soup version 0.20.1-1-g8b1a95d (webtiles) character file.

250 mortelune the Chopper (level 5, 0/48 HPs)
             Began as a Minotaur Berserker on Oct 30, 2017.
             Was a Priest of Trog.
             Slain by a gnoll
             ... wielding a +0 halberd
              (4 damage)
             ... on level 3 of the Dungeon on Nov 1, 2017.
             The game lasted 00:11:35 (2369 turns).

mortelune the Chopper (Minotaur Berserker)          Turns: 2369, Time: 00:11:36

Health: 0/48       AC:  4    Str: 23    XL:     5   Next: 88%
Magic:  4/4        EV: 12    Int:  6    God:    Trog [***...]
Gold:   188        SH:  0    Dex:  9    Spells: 4/4 levels left

rFire    . . .     SeeInvis .   a - +0 hand axe
rCold    . . .     Gourm    .   (no shield)
rNeg     . . .     Faith    .   f - +1 leather armour (curse)
rPois    .         Spirit   .   (helmet restricted)
rElec    .         Reflect  .   (no cloak)
rCorr    .         Harm     .   (no gloves)
MR       .....                  (no boots)
Stlth    +.........             (no amulet)
Regen    0.2/turn               e - +2 ring of intelligence
MPRegen  0.1/turn               (no ring)

@: berserk cooldown, slowed, very slow
A: retaliatory headbutt, horns 2
a: Berserk, Trog's Hand, Burn Spellbooks, Renounce Religion


You were on level 3 of the Dungeon.
You worshipped Trog.
Trog was most pleased with you.
You were very hungry.

You visited 1 branch of the dungeon, and saw 3 of its levels.

You collected 188 gold pieces.

Inventory:

Hand Weapons
 a - a +0 hand axe (weapon)
 k - a +0 hunting sling
Armour
 b - a +0 animal skin
 f - a cursed +1 leather armour (worn)
 l - a +0 chain mail
Jewellery
 e - a +2 ring of intelligence (left hand)
Scrolls
 g - 2 scrolls of remove curse {unknown}
 h - 2 scrolls of teleportation
 i - 2 scrolls of fog {unknown}
 j - a scroll of immolation {unknown}
 n - a scroll of recharging {unknown}
 p - 2 scrolls of identify {unknown}
 q - a scroll of amnesia {unknown}
 u - a scroll of noise {unknown}
Potions
 d - a potion of invisibility {unknown}
 m - a potion of magic {unknown}
 s - a potion of flight {unknown}
 t - a potion of curing {unknown}
Comestibles
 c - 5 bread rations


   Skills:
 + Level 5.1 Fighting
 * Level 6.1 Axes
 + Level 4.1 Armour
 - Level 2.1 Dodging


You had 4 spell levels left.
You didn't know any spells.

Dungeon Overview and Level Annotations

Branches:
Dungeon (3/15)

Altars:
Makhleb


Innate Abilities, Weirdness & Mutations

You reflexively headbutt those who attack you in melee.
You have a pair of horns on your head.


Message History

You hit the gnoll.
The gnoll is almost dead.
The gnoll barely misses you. The gnoll hits you with a whip.
* * * LOW HITPOINT WARNING * * *
The gnoll hits you from afar with a halberd.
* * * LOW HITPOINT WARNING * * *
The gnoll closely misses you.
It was a potion of heal wounds.
You feel much better.
The gnoll hits you from afar with a halberd!
The gnoll closely misses you. The gnoll hits you with a whip.
The gnoll misses you.
The gnoll hits you from afar with a halberd.
You see here a giant spiked club.
The gnoll misses you.
The gnoll hits you from afar with a halberd!
* * * LOW HITPOINT WARNING * * *
The gnoll closely misses you.
There is a stone staircase leading up, spattered with blood here.
The gnoll hits you from afar with a halberd.
You die...

#.##.##.##.####.### ##### #
#.##.##.##.###...# #....
####................# #.###
......#######.......# #.#..
#####.# ##...#### #.#.# #..#
#...# #.# #.## #...# #.# ## #.#
#...############.# .###.#####
#..@.............#
.#.......#####...#####........#
.#.#.##....)....>g...).).#..#.###
.#.#.#...........g...............
.#.#.....[..................#.###
.#.#.....####.....####..[.....#
.#.#.....# #.................###
.........# #.....#######...##...
####.....# #.....# #.####.##


You could see 2 gnolls.

Vanquished Creatures
  An ogre (D:3)
  4 gnolls (D:3)
  4 adders
  2 worms
  2 dart slugs (D:2)
  4 giant cockroaches
  8 hobgoblins
  8 kobolds
  A quokka (D:3)
  10 bats
  6 frilled lizards
  14 goblins
  26 rats
90 creatures vanquished.

Notes
Turn   | Place    | Note
-------+----------+-------------------------------------------
     0 | D:1      | mortelune the Minotaur Berserker began the quest for the Orb.
     0 | D:1      | Reached XP level 1. HP: 19/19 MP: 0/0
   174 | D:1      | Reached skill level 4 in Axes
   262 | D:1      | Reached XP level 2. HP: 27/27 MP: 1/1
   482 | D:1      | Reached ** piety under Trog
   678 | D:2      | Reached XP level 3. HP: 32/33 MP: 2/2
   777 | D:2      | Found a burning altar of Makhleb.
   777 | D:2      | Noticed a cacodemon
   780 | D:2      | Noticed a hellwing
   780 | D:2      | Noticed a ynoxinul
  1023 | D:2      | Reached skill level 5 in Axes
  1024 | D:2      | Reached XP level 4. HP: 41/41 MP: 3/3
  1122 | D:2      | Reached *** piety under Trog
  1549 | D:3      | Reached XP level 5. HP: 42/47 MP: 4/4
  2010 | D:3      | Noticed an ogre
  2020 | D:3      | Killed an ogre
  2020 | D:3      | Reached skill level 5 in Fighting
  2020 | D:3      | Reached skill level 6 in Axes
  2369 | D:3      | Slain by a gnoll

Skill      XL: |  1  2  3  4  5 |
---------------+----------------+-----
Axes           | 4 5 6 |  6.1
Fighting       | 4 5 |  5.1
Armour         | 3 4 |  4.1
Dodging        | |  2.1

Action                   |  1- 3 |  4- 6 || total
-------------------------+-------+-------++-------
Melee: Hand axe          |    79 |    70 ||   149
       Headbutt          |    12 |    15 ||    27
Invok: Berserk           |       |     3 ||     3
  Use: Scroll            |     2 |       ||     2
       Potion            |       |     1 ||     1
  Eat: Chunk             |       |     4 ||     4
       Royal jelly       |       |     1 ||     1
Armor: Animal skin       |     2 |       ||     2
       Leather armour    |    20 |    15 ||    35
Dodge: Dodged            |    46 |    55 ||   101
